 Dungeon Sprint DCSS version 0.21-a0-55-gb612c23 (webtiles) character file.

26966 Kidiri the Bludgeoner (level 13, -15/146 HPs)
             Began as a Troll Berserker on June 13, 2017.
             Was the Champion of Trog.
             Demolished by an alligator snapping turtle (16 damage)
             ... in the Dungeon (Sprint IX: "|||||||||||||||||||||||||||||") on June 14, 2017.
             The game lasted 00:24:07 (3592 turns).

Kidiri the Bludgeoner (Troll Berserker)             Turns: 3592, Time: 00:24:07

Health: -15/146    AC: 13    Str: 34    XL:     13   Next: 1%
Magic:  28/28      EV: 16    Int: 12    God:    Trog [******]
Gold:   1768       SH:  0    Dex: 10    Spells: 12/12 levels left

rFire    + . .     SeeInvis +   y - +7 giant club "Yzuzes" {vamp, *Noise rElec MR+ Int+4}
rCold    . . .     Gourm    +   (shield currently unavailable)
rNeg     . . .     Faith    .   L - +2 robe {rF+}
rPois    .         Spirit   .   v - +3 hat of Pondering {ponderous, MR+ MP+10 Int+5}
rElec    +         Reflect  .   o - +1 cloak
rCorr    .         Harm     .   (gloves unavailable)
MR       ++...     NoTele   +   (boots unavailable)
Stlth    +.........             x - amulet of magic regeneration
HPRegen  0.74/turn              p - +3 ring of strength
MPRegen  0.46/turn              D - ring of see invisible

@: mesmerised, slow
A: unfitting armour, claws 3, fast metabolism 3, gourmand, regeneration 1,
shaggy fur 1, tough skin 2
a: Berserk, Trog's Hand, Brothers in Arms, Burn Spellbooks, Renounce Religion


You were in the Dungeon.
You worshipped Trog.
Trog was exalted by your worship.
You were completely stuffed.

You visited 1 branch You collected 1915 gold pieces.
You spent 147 gold pieces at shops.

Inventory:

Hand Weapons
 y - the +7 giant club "Yzuzes" (weapon) {vamp, *Noise rElec MR+ Int+4}
   (Trog gifted it to you in the Dungeon)

   It inflicts no extra harm, but heals its wielder when it wounds a living foe.
   It affects your intelligence (+4).
   It insulates you from electricity.
   It affects your resistance to hostile enchantments.
   It may make noises in combat.
Missiles
 b - 4 poisoned javelins
 n - 3 javelins of penetration
 r - 8 curare-tipped needles
 s - 2 javelins of returning
 t - 6 steel javelins
 u - 6 silver javelins
 w - 3 needles of frenzy
 B - 25 large rocks (quivered)
Armour
 o - a +1 cloak (worn)
 v - the +3 hat of Pondering (worn) {ponderous, MR+ MP+10 Int+5}
   (You took it off Gastronok in the Dungeon)

   It affects your intelligence (+5).
   It affects your resistance to hostile enchantments.
   It affects your magic capacity (+10).
 L - a +2 robe of fire resistance (worn)
Jewellery
 p - a +3 ring of strength (left claw)
 q - a +2 ring of evasion
 x - an amulet of magic regeneration (around neck)
 D - a ring of see invisible (right claw)
 E - an uncursed ring of protection from fire
 F - an uncursed ring of fire
Wands
 m - a wand of lightning (7/15)
Scrolls
 i - 2 scrolls of blinking
 j - 2 scrolls of recharging
 l - 4 scrolls of remove curse
 J - 2 scrolls of enchant weapon
 K - a scroll of fear
Potions
 a - 2 potions of brilliance
 d - 6 potions of curing
 e - 2 potions of heal wounds
 f - 3 potions of haste
 g - 4 potions of magic
 h - a potion of berserk rage
 k - a potion of invisibility
 C - a potion of lignification
 G - a potion of resistance
 H - a potion of might
Comestibles
 c - 14 bread rations
 z - 29 fruits
 A - 12 meat rations
 I - 2 chunks of flesh


   Skills:
 * Level 14.0 Fighting
 * Level 15.0 Maces & Flails
 + Level 10.8 Throwing
 + Level 10.3 Armour
 * Level 13.9 Dodging
 + Level 9.0 Evocations


You had 12 spell levels left.
You didn't know any spells.

Dungeon Overview and Level Annotations

Branches:
Dungeon (1/1)

Altars:
Cheibriados
Dithmenos
Elyvilon
Fedhas
Gozag
Hepliaklqana
Kikubaaqudgha
Makhleb
Nemelex Xobeh
Okawaru
Qazlal
Ru
Sif Muna
Trog
Uskayaw
Vehumet
Wu Jian
Xom
Yredelemnul
Zin
The Shining One
Beogh
Jiyva
Lugonu

Shops:
D :*}}

Annotations:
D Maurice


Innate Abilities, Weirdness & Mutations

You are too large for most types of armour.
You have claws for hands.
Your metabolism is lightning-fast.
You like to eat raw meat.
Your natural rate of healing is unusually fast.
You are covered in fur. (AC +1)
You have very tough skin. (AC +2)


Message History

The merfolk avatar chants its luring song.
You thump the merfolk avatar!
You feel better.
The merfolk avatar is severely wounded.
The alligator snapping turtle bites you from afar!!
* * * LOW HITPOINT WARNING * * *
Unknown command.
You bludgeon the merfolk avatar!!
You feel better.
The merfolk avatar is almost dead.
You hit the merfolk avatar.
You feel better.
The merfolk avatar is almost dead.
The alligator snapping turtle bites you from afar!!
* * * LOW HITPOINT WARNING * * *
The merfolk avatar chants its luring song.
Your iron troll rages.
Unknown command.
You closely miss the merfolk avatar.
The merfolk avatar is almost dead.
The merfolk avatar chants its luring song.
The alligator snapping turtle bites you from afar!
You die...

▓▓▓▓▓▓▓▓▓♣♣♣♣♣♣♣♣♣♣▓▓▓▓▓
..mHttm@T(†(..%...%))...
▓▓▓▓▓▓▓▓▓▓▓▓▓▓▓▓▓▓♣♣♣♣♣♣♣♣♣♣▓▓▓▓▓
................)................
▓▓▓▓▓▓▓▓▓▓▓▓▓▓▓▓▓▓▓▓▓▓▓▓▓▓▓▓▓▓▓▓▓
....'.........))...)).)........[[
▓▓▓▓▓▓▓▓▓▓▓▓▓▓▓▓▓▓▓▓▓▓▓▓▓▓▓▓▓▓▓▓▓
.................................
▓▓▓▓▓▓▓▓▓▓▓▓▓▓▓▓▓▓▓▓▓▓▓▓▓▓▓▓▓▓▓▓▓
....'.....∩)∩.∩.∩...))')....)..))


You could see an alligator snapping turtle, a merfolk avatar, a merfolk
javelineer, a snapping turtle, a hippogriff and a friendly iron troll (berserk).

Vanquished Creatures
  Rupert (D)
  Gastronok (D)
  2 stone giants (D)
  An ettin (D)
  A fire dragon (D)
  4 hydras (D)
  A tengu warrior (D)
  A shock serpent (D)
  A spriggan druid (D)
  A wizard (D)
  An orc knight (D)
  2 elephants (D)
  2 black mambas (D)
  4 spiny frogs (D)
  2 demonic crawlers (D)
  A tengu conjurer (D)
  4 jumping spiders (D)
  2 bog bodies (D)
  A blink frog (D)
  A shadow (D)
  A vampire (D)
  A redback (D)
  A tarantella (D)
  A water moccasin (D)
  2 porcupines (D)
  2 orc warriors (D)
  A centaur (D)
  4 bullfrogs (D)
  6 orc priests (D)
  A hound (D)
  4 orc wizards (D)
  3 worker ants (D)
  A shadow imp (D)
  A dart slug (D)
  A leopard gecko (D)
  4 orcs (D)
  A ball python (D)
  A bat skeleton (D)
  A bat zombie (D)
  A giant cockroach (D)
  A goblin (D)
  A kobold (D)
  2 rats (D)
76 creatures vanquished.

Vanquished Creatures (collateral kills)
  A dire elephant (D)
  A merfolk javelineer (D)
  2 naga warriors (D)
  2 ogre magi (D)
  5 two-headed ogres (D)
  A death knight (D)
  A shock serpent (D)
  A flayed ghost (D)
  A spriggan druid (D)
  A shambling mangrove (D)
  A mana viper (D)
  A deep elf mage (D)
  A manticore (D)
  2 black mambas (D)
  6 elephants (D)
  A komodo dragon (D)
  A merfolk (D)
  A wind drake (D)
  A jumping spider (D)
  A wyvern (D)
  A hungry ghost (D)
  A naga (D)
  A water moccasin (D)
  7 orc warriors (D)
  A swamp drake (D)
  6 ogres (D)
  2 bullfrogs (D)
  An orc wizard (D)
  3 orcs (D)
  2 bat zombies (D)
  A giant cockroach zombie (D)
58 creatures vanquished.

Vanquished Creatures (others)
  A spiny frog (D)
1 creature vanquished.

Grand Total: 135 creatures vanquished

Notes
Turn   | Place    | Note
-------+----------+-------------------------------------------
     0 | D        | Kidiri the Troll Berserker began the quest for the Orb.
     0 | D        | Reached XP level 1. HP: 22/22 MP: 0/0
    15 | D        | Reached ** piety under Trog
    18 | D        | Reached skill level 3 in Maces & Flails
    39 | D        | Noticed an orc priest
    39 | D        | Noticed a worker ant
    42 | D        | Reached skill level 1 in Armour
    43 | D        | Reached *** piety under Trog
    43 | D        | Reached XP level 2. HP: 31/31 MP: 1/1
    46 | D        | Reached skill level 1 in Throwing
    46 | D        | Reached XP level 3. HP: 37/37 MP: 2/2
    52 | D        | Reached skill level 4 in Maces & Flails
    70 | D        | Found a roughly hewn altar of Beogh.
    70 | D        | Found a snail-covered altar of Cheibriados.
    70 | D        | Found a shadowy altar of Dithmenos.
    70 | D        | Found a white marble altar of Elyvilon.
    70 | D        | Found a blossoming altar of Fedhas.
    70 | D        | Found an opulent altar of Gozag.
    71 | D        | Found a hazy altar of Hepliaklqana.
    72 | D        | Found a viscous altar of Jiyva.
    73 | D        | Found an ancient bone altar of Kikubaaqudgha.
    74 | D        | Found a corrupted altar of Lugonu.
    75 | D        | Found a burning altar of Makhleb.
    76 | D        | Found a sparkling altar of Nemelex Xobeh.
    77 | D        | Found an iron altar of Okawaru.
    78 | D        | Found a stormy altar of Qazlal.
    79 | D        | Found a sacrificial altar of Ru.
    80 | D        | Found a deep blue altar of Sif Muna.
    81 | D        | Found a bloodstained altar of Trog.
    82 | D        | Found a hide-covered altar of Uskayaw.
    83 | D        | Found a radiant altar of Vehumet.
    84 | D        | Found an ornate altar of the Wu Jian Council.
    85 | D        | Found a shimmering altar of Xom.
    86 | D        | Found a basalt altar of Yredelemnul.
    87 | D        | Found a glowing silver altar of Zin.
    88 | D        | Found a glowing golden altar of the Shining One.
   127 | D        | Noticed a centaur
   127 | D        | Noticed a vampire
   134 | D        | Reached **** piety under Trog
   134 | D        | Reached XP level 4. HP: 48/48 MP: 3/3
   148 | D        | Reached skill level 1 in Evocations
   153 | D        | Killed a vampire
   153 | D        | Reached skill level 5 in Fighting
   153 | D        | Reached skill level 5 in Maces & Flails
   153 | D        | Reached skill level 5 in Dodging
   153 | D        | Reached XP level 5. HP: 57/57 MP: 3/5
   157 | D        | Killed a centaur
   157 | D        | Reached ***** piety under Trog
   157 | D        | Reached skill level 6 in Maces & Flails
   157 | D        | Reached XP level 6. HP: 40/66 MP: 3/6
   194 | D        | Noticed a five-headed hydra
   194 | D        | Noticed an orc warrior
   194 | D        | Noticed a hungry ghost
   201 | D        | Killed a hungry ghost
   211 | D        | Killed a five-headed hydra
   211 | D        | Reached skill level 8 in Maces & Flails
   211 | D        | Reached skill level 5 in Throwing
   211 | D        | Reached XP level 7. HP: 30/78 MP: 6/8
   215 | D        | Reached XP level 8. HP: 36/87 MP: 6/9
   216 | D        | Reached skill level 5 in Armour
   441 | D        | Noticed a six-headed hydra
   443 | D        | Noticed a black mamba
   459 | D        | Killed a six-headed hydra
   459 | D        | Reached skill level 9 in Maces & Flails
   462 | D        | Received a gift from Trog
   465 | D        | Reached XP level 9. HP: 97/97 MP: 11/11
   467 | D        | Received a gift from Trog
   483 | D        | Killed a black mamba
   483 | D        | Received a gift from Trog
   593 | D        | Noticed an elephant
   593 | D        | Noticed a spiny frog
   593 | D        | Noticed a spiny frog
   594 | D        | Noticed a spiny frog
   595 | D        | Reached skill level 5 in Evocations
   596 | D        | Noticed a spiny frog
   596 | D        | Killed a spiny frog
   596 | D        | Received a gift from Trog
   596 | D        | Reached skill level 10 in Maces & Flails
   600 | D        | Killed a spiny frog
   607 | D        | Killed an elephant
   607 | D        | Received a gift from Trog
   609 | D        | Killed a spiny frog
   609 | D        | Received a gift from Trog
   612 | D        | Killed a spiny frog
   612 | D        | Reached skill level 10 in Fighting
   612 | D        | Reached skill level 10 in Dodging
   612 | D        | Reached XP level 10. HP: 93/110 MP: 11/13
   790 | D        | Noticed an elephant
   790 | D        | Noticed an elephant
   790 | D        | Noticed an elephant
   790 | D        | Noticed a dire elephant
   790 | D        | Noticed an elephant
   790 | D        | Noticed an elephant
   793 | D        | Noticed an elephant
   796 | D        | Killed a dire elephant
   796 | D        | Reached skill level 11 in Maces & Flails
   797 | D        | Killed an elephant
   799 | D        | Killed an elephant
   799 | D        | Received a gift from Trog
   801 | D        | Killed an elephant
   802 | D        | Killed an elephant
   804 | D        | Killed an elephant
   804 | D        | Killed an elephant
   817 | D        | Noticed an elephant
   826 | D        | Killed an elephant
  1006 | D        | Reached ****** piety under Trog
  1016 | D        | Received a gift from Trog
  1050 | D        | Received a gift from Trog
  1071 | D        | Got a fine giant club {god gift}
  1072 | D        | Identified the +7 giant club "Yzuzes" {vamp, *Noise rElec MR+ Int+4} (Trog gifted it to you in the Dungeon)
  1073 | D        | Upgraded the game from 0.21-a0-52-gbf49515 to 0.21-a0-55-gb612c23
  1153 | D        | Received a gift from Trog
  1167 | D        | Received a gift from Trog
  1168 | D        | Received a gift from Trog
  1197 | D        | Noticed an orc knight
  1203 | D        | Killed an orc knight
  1203 | D        | Reached XP level 11. HP: 113/120 MP: 14/14
  1322 | D        | Found Odeatonoid's Gadget Boutique.
  1322 | D        | Noticed a two-headed ogre
  1323 | D        | Noticed a two-headed ogre
  1326 | D        | Killed a two-headed ogre
  1326 | D        | Reached skill level 12 in Maces & Flails
  1329 | D        | Noticed an ogre mage
  1329 | D        | Killed a two-headed ogre
  1332 | D        | Received a gift from Trog
  1333 | D        | Killed an ogre mage
  1337 | D        | Found Gabac's Gadget Shop.
  1341 | D        | Found Furixzin's Assorted Antiques.
  1343 | D        | Noticed a two-headed ogre
  1344 | D        | Found Wiogih's Book Shop.
  1346 | D        | Noticed an ogre mage
  1347 | D        | Killed a two-headed ogre
  1351 | D        | Noticed a two-headed ogre
  1351 | D        | Killed an ogre mage
  1352 | D        | Noticed a two-headed ogre
  1353 | D        | Received a gift from Trog
  1355 | D        | Killed a two-headed ogre
  1357 | D        | Killed a two-headed ogre
  1388 | D        | Got a dazzling great mace {god gift}
  1410 | D        | Identified the +6 great mace of Proximity {venom, +Inv} (Trog gifted it to you in the Dungeon)
  1439 | D        | Bought a small steel amulet for 125 gold pieces
  1439 | D        | Bought a sedimented sapphire potion for 22 gold pieces
  1508 | D        | Noticed Maurice
  1764 | D        | Noticed Gastronok
  1778 | D        | Killed Gastronok
  2819 | D        | Noticed a deep elf mage
  2819 | D        | Noticed a death knight
  2827 | D        | Received a gift from Trog
  2837 | D        | Killed a death knight
  2837 | D        | Received a gift from Trog
  2837 | D        | Reached skill level 13 in Maces & Flails
  2839 | D        | Received a gift from Trog
  2841 | D        | Killed a deep elf mage
  2847 | D        | Noticed a flayed ghost
  2848 | D        | Noticed a stone giant
  2849 | D        | Noticed a wizard
  2850 | D        | Killed a flayed ghost
  2851 | D        | Noticed a fire dragon
  2855 | D        | Noticed a stone giant
  2857 | D        | Noticed a tengu warrior
  2857 | D        | Killed a stone giant
  2858 | D        | Noticed an ettin
  2858 | D        | Killed a wizard
  2858 | D        | Received a gift from Trog
  2865 | D        | Killed a fire dragon
  2870 | D        | Killed a stone giant
  2870 | D        | Reached XP level 12. HP: 124/133 MP: 16/16
  2876 | D        | Killed a tengu warrior
  2880 | D        | Killed an ettin
  3136 | D        | Noticed Rupert
  3140 | D        | Killed Rupert
  3140 | D        | Received a gift from Trog
  3140 | D        | Reached skill level 14 in Maces & Flails
  3140 | D        | Reached skill level 10 in Throwing
  3214 | D        | Received a gift from Trog
  3234 | D        | Received a gift from Trog
  3315 | D        | Noticed a naga warrior
  3315 | D        | Noticed a naga warrior
  3321 | D        | Killed a naga warrior
  3327 | D        | Killed a naga warrior
  3327 | D        | Received a gift from Trog
  3329 | D        | Received a gift from Trog
  3339 | D        | Reached skill level 10 in Armour
  3414 | D        | Noticed a five-headed hydra
  3419 | D        | Killed a five-headed hydra
  3437 | D        | Received a gift from Trog
  3461 | D        | Received a gift from Trog
  3568 | D        | Noticed a merfolk avatar
  3568 | D        | Noticed a merfolk javelineer
  3570 | D        | Noticed an eight-headed hydra
  3571 | D        | Killed a merfolk javelineer
  3575 | D        | Noticed an alligator snapping turtle
  3578 | D        | Killed an eight-headed hydra
  3578 | D        | Received a gift from Trog
  3578 | D        | Reached skill level 15 in Maces & Flails
  3578 | D        | Reached XP level 13. HP: 81/145 MP: 18/18
  3578 | D        | Received a gift from Trog
  3580 | D        | Noticed a merfolk javelineer
  3585 | D        | HP: 1/146 [alligator snapping turtle (50)]
  3591 | D        | HP: 1/146 [alligator snapping turtle (23)]
  3592 | D        | Demolished by an alligator snapping turtle

Vault maps used:
D:        linesprint

Skill      XL: |  1  2  3  4  5  6  7  8  9 10 11 12 13 |
---------------+----------------------------------------+-----
Maces & Flails | 3 4 5 6 8 9 10 11 13 15 | 15.0
Fighting       | 3 4 5 7 8 10 11 12 13 14 | 14.0
Armour         | 1 2 3 4 5 6 7 9 10 | 10.3
Throwing       | 1 2 3 5 6 7 8 9 10 | 10.8
Dodging        | 3 4 5 7 8 10 11 12 13 | 13.9
Evocations     | 1 2 3 4 5 6 7 9 |  9.0

Action                   |  1- 3 |  4- 6 |  7- 9 | 10-12 | 13-15 || total
-------------------------+-------+-------+-------+-------+-------++-------
Melee: Mace              |    26 |       |       |       |       ||    26
       Dire flail        |     6 |    37 |    56 |     2 |       ||   101
       Giant spiked club |       |       |       |    31 |       ||    31
       Giant club        |       |       |       |    70 |    10 ||    80
Throw: Javelin           |       |       |     3 |    40 |       ||    43
       Large rock        |       |       |       |     8 |     1 ||     9
Invok: Berserk           |     2 |     1 |     2 |     6 |       ||    11
       Brothers in Arms  |       |     1 |     1 |     8 |       ||    10
  Use: Scroll            |       |       |     2 |     4 |       ||     6
       Potion            |       |       |       |     2 |     2 ||     4
  Eat: Chunk             |       |     8 |     8 |    38 |       ||    54
       Fruit             |       |       |       |    11 |       ||    11
Armor: Animal skin       |     6 |    24 |    11 |    17 |       ||    58
       Robe              |       |       |       |    36 |       ||    36
Dodge: Dodged            |    14 |    48 |    30 |   100 |     3 ||   195
